 Dungeon Crawl Stone Soup version 0.31-a0-255-g9c3d1c461a (webtiles) character file.

Game seed: 14236400458991079825

121 qw the Shooter (level 5, -7/30 HPs)
             Began as a Gargoyle Hexslinger on July 12, 2023.
             Mangled by Sigmund
             ... wielding a +0 scythe
              (9 damage)
             ... on level 3 of the Dungeon.
             The game lasted 00:00:46 (1400 turns).

qw the Shooter (Gargoyle Hexslinger)                Turns: 1400, Time: 00:00:47

Health: -7/30      AC:  8    Str: 11    XL:     5   Next: 5%
Magic:  6/6        EV: 11    Int: 14    God:
Gold:   101        SH:  0    Dex: 14    Spells: 5/6 levels left

rFire   . . .        Y - +1 sling (flame)
rCold   . . .        (no shield)
rNeg    + . .        e - +0 leather armour
rPois   inf          (no helmet)
rElec   +            g - +0 cloak
rCorr   .            (no gloves)
SInv    .            (no boots)
Will    .....        (no amulet)
Stlth   +            (no ring)
HPRegen 0.25/turn    (no ring)
MPRegen 0.10/turn

%: no passive effects
@: no status effects
A: sickness immunity, AC +4, negative energy resistance 1, electricity
resistance, torment resistance 1, petrification resistance
a: no special abilities


You were on level 3 of the Dungeon.
You visited 1 branch of the dungeon, and saw 3 of its levels.

You collected 101 gold pieces.


Innate Abilities, Weirdness & Mutations

You are immune to sickness and miasma.
Your stone body is resilient. (AC +4)
You are immune to poison.
You resist negative energy. (rN+)
You are resistant to electric shocks. (rElec)
You are resistant to unholy torment.
You are immune to petrification.


   Skills:
 - Level 2.0 Fighting
 + Level 4.8 Ranged Weapons
 - Level 1.5 Dodging
 - Level 1.0 Spellcasting
 - Level 2.6 Hexes


You had 5 spell levels left.
You knew the following spells:

 Your Spells              Type           Power      Damage    Failure   Level
a - Slow                  Hex            32%        N/A       12%         1

Your spell library contained the following spells:

 Spells                   Type           Power      Damage    Failure   Level
 Inner Flame              Hex/Fire       4%         N/A       52%         3
 Portal Projectile        Hex/Tloc       8%         N/A       52%         3
 Cause Fear               Hex            4%         N/A       75%         4

Inventory:

Hand Weapons
 Y - a +1 sling of flaming (weapon)
Armour
 e - a +0 leather armour (worn)
 g - a +0 cloak (worn)
Scrolls
 a - a scroll of identify
Potions
 f - a potion of haste
 h - a potion of heal wounds {unknown}
 j - a potion of attraction {unknown}

Dungeon Overview and Level Annotations

Branches:
Dungeon (3/15)

Altars:

Annotations:
D:3 Sigmund


Message History

The orc wizard hits you but does no damage.
You shoot a sling bullet.
The sling bullet barely misses the orc wizard.
The sling bullet barely misses the orc.
The sling bullet hits Sigmund.
The sling bullet burns Sigmund.
Sigmund is lightly wounded.
The orc wizard hits you but does no damage.
Sigmund flickers, as though insubstantial.
You shoot a sling bullet. The sling bullet hits the orc wizard.
The sling bullet burns the orc wizard.
You kill the orc wizard!
You have reached level 5!
You shoot a sling bullet. The sling bullet hits the orc.
The sling bullet burns the orc.
The orc is almost dead.
The orc priest invokes the aid of Beogh against you.
Beogh smites you!
Sigmund casts a spell.
Sigmund flickers and vanishes!
Deactivating autopickup; reactivate with Ctrl-A.
The orc hits you but does no damage. x2
You shoot a sling bullet. The sling bullet hits the orc.
The sling bullet burns the orc.
You kill the orc!
The orc hits you but does no damage. Something hits you!
You shoot a sling bullet. The sling bullet hits the orc.
The sling bullet burns the orc.
You kill the orc!
You shoot a sling bullet. The sling bullet hits the orc.
The sling bullet burns the orc.
The orc is heavily wounded.
Something hits you but does no damage.
You shoot a sling bullet. The sling bullet barely misses the orc.
Something hits you but does no damage. The orc hits you with a +0 short sword.
You shoot a sling bullet.
The sling bullet closely misses the orc.
The orc hits you with a +0 short sword.
The orc priest hits you with a +0 hand axe.
Something hits you!
You die...

####.##.#####..##
#.##.# #..##
#.##.# #..##
##'##.. .....
##...### #####
##.....##
##.......#
...####o........#
..(...o@........+
.....{#)........#
..... ##.......##
.... ##.....##
... ##...## ..
#+## .


You could see an orc priest and an orc.

Vanquished Creatures
  An orc wizard (D:3)
  4 adders (D:2)
  2 worms (D:2)
  3 dart slugs
  2 orcs (D:3)
  9 endoplasms
  2 giant cockroaches
  3 goblins
  2 hobgoblins
  2 kobolds (D:1)
  2 quokkas (D:1)
  2 ball pythons (D:2)
  4 bats
  3 frilled lizards
  9 rats
50 creatures vanquished.

Notes
Turn   | Place    | Note
-------+----------+-------------------------------------------
     0 | D:1      | qw the Gargoyle Hexslinger began the quest for the Orb.
     0 | D:1      | Reached XP level 1. HP: 12/12 MP: 2/2
     0 | D:1      | 0 ||| qw: Version: 0.3-a-52-g30416fa
     0 | D:1      | 0 ||| qw: Game counter: 6674
     0 | D:1      | 0 ||| qw: Melee chars always use a shield: true
     0 | D:1      | 0 ||| qw: God list: Okawaru
     0 | D:1      | 0 ||| qw: Allow faded altars: false
     0 | D:1      | 0 ||| qw: Do Orc after clearing Dungeon:15 true
     0 | D:1      | 0 ||| qw: Do second Lair branch before Depths: true
     0 | D:1      | 0 ||| qw: Lair rune preference: random
     0 | D:1      | 0 ||| qw: Goals: Normal
     0 | D:1      | 0 ||| PLANNING D:1-11
   145 | D:1      | Reached XP level 2. HP: 16/16 MP: 3/3
   198 | D:1      | Reached skill level 3 in Ranged Weapons
   417 | D:1      | Reached XP level 3. HP: 21/21 MP: 4/4
   563 | D:1      | 563 ||| UPGRADING to +0 leather armour.
   573 | D:1      | 573 ||| DROPPING +0 robe.
   574 | D:1      | 574 ||| UPGRADING to +0 cloak.
   579 | D:1      | 579 ||| READING 3 scrolls labelled UKHOKL OCIS.
   580 | D:1      | 580 ||| READING scroll labelled HUXATWU BUITOL.
   581 | D:1      | 581 ||| READING scroll labelled KYINETH JASUH.
   582 | D:1      | 582 ||| READING 2 scrolls of identify.
   582 | D:1      | 582 ||| IDENTIFYING fizzy brown potion
   583 | D:1      | 583 ||| DROPPING scroll of poison.
   754 | D:2      | Reached XP level 4. HP: 24/26 MP: 5/5
   813 | D:2      | Reached skill level 4 in Ranged Weapons
  1333 | D:2      | 1333 ||| READING scroll labelled MOMYNG UCWEC.
  1334 | D:2      | 1334 ||| READING scroll labelled WAPHAI POERYTZ.
  1337 | D:2      | 1337 ||| READING scroll labelled NONNISM ECIN.
  1338 | D:2      | 1338 ||| READING scroll labelled HODODETH ETANI.
  1339 | D:2      | 1339 ||| READING 2 scrolls of identify.
  1339 | D:2      | 1339 ||| IDENTIFYING metallic purple potion
  1340 | D:2      | 1340 ||| DROPPING potion of degeneration.
  1385 | D:3      | Noticed Sigmund
  1395 | D:3      | Reached XP level 5. HP: 24/30 MP: 6/6
  1399 | D:3      | HP: 5/30 [orc/+0 short sword (4)]
  1400 | D:3      | HP: 2/30 [orc priest/+0 hand axe (1)]
  1400 | D:3      | Mangled by Sigmund

Levels and vault maps discovered:
D:1:      amcnicky_arrival_abandoned_market, layout_basic
D:2:      layout_basic, nicolae_half_adder
D:3:      layout_loops_corners, mainiacjoe_overflow_alcove_2,
          nicolae_ecumenical_pavilion, serial_aquarium, aquarium_bridge_square
          [aquarium_subvault_wall, aquarium_subvault_bridge,
          aquarium_subvault_wall, aquarium_subvault_wall],
          aquarium_window_corridor_1, aquarium_window_2, aquarium_window_1,
          aquarium_view_2b, aquarium_balcony_3a, uniq_grinder, uniq_sigmund

Skill      XL: |  1  2  3  4 |
---------------+-------------+-----
Ranged Weapons | 3 4 |  4.8
Fighting       | 2 |  2.0
Dodging        | |  1.5
Spellcasting   | |  1.0
Hexes          | |  2.6

Action                     |  1- 3 |  4- 6 || total
---------------------------+-------+-------++-------
   Fire: Sling             |   118 |    73 ||   191
    Use: Scroll            |     4 |     5 ||     9
 Armour: Robe              |     6 |       ||     6
         Leather armour    |    21 |    29 ||    50
  Dodge: Dodged            |    28 |    24 ||    52

Table legend:
 A = Non-vault XP
 B = Vault XP
 C = Vault XP percentage of total XP
 D = Non-vault monster count
 E = Vault monster count
 F = Vault count percentage of total count
                 A         B        C        D         E       F
            +---------+---------+-------+---------+---------+-------
      Total |     134 |      40 |  23.0 |      47 |       3 |   6.0
            +---------+---------+-------+---------+---------+-------
        D:1 |      38 |       0 |   0.0 |      23 |       0 |   0.0
        D:2 |      55 |      40 |  42.1 |      21 |       3 |  12.5
        D:3 |      41 |       0 |   0.0 |       3 |       0 |   0.0
            +---------+---------+-------+---------+---------+-------
